 Dungeon Crawl Stone Soup version 0.22-a0-348-gd16d1391c7 (webtiles) character file.

228 Dargar the Twirler (level 5, -3/45 HPs)
             Began as a Draconian Gladiator on Apr 9, 2018.
             Was an Initiate of Qazlal.
             Slain by Edmund
             ... wielding a +2 flail of draining
              (5 damage)
             ... in the Ecumenical Temple.
             The game lasted 00:06:22 (3322 turns).

Dargar the Twirler (Draconian Gladiator)            Turns: 3322, Time: 00:06:22

Health: -3/45      AC:  5    Str: 16 (17) XL:     5   Next: 70%
Magic:  5/5        EV: 12    Int:  8      God:    Qazlal [......]
Gold:   148        SH:  0    Dex: 13      Spells: 4/4 levels left

rFire    . . .     SeeInvis .   a - +0 quarterstaff
rCold    . . .     Gourm    .   (shield currently unavailable)
rNeg     . . .     Faith    .   (armour unavailable)
rPois    .         Spirit   .   b - +0 hat
rElec    .         Reflect  .   (no cloak)
rCorr    .         Harm     .   (no gloves)
MR       +....                  (no boots)
Stlth    +.........             (no amulet)
HPRegen  0.15/turn              l - ring of protection from magic
MPRegen  0.09/turn              (no ring)

@: heavily drained
A: unfitting armour, cold-blooded, AC +5
a: Renounce Religion


You were in the Ecumenical Temple.
You worshipped Qazlal.
Qazlal was noncommittal.
You were hungry.

You visited 2 branches of the dungeon, and saw 5 of its levels.

You collected 148 gold pieces.

Inventory:

Hand Weapons
 a - a +0 quarterstaff (weapon)
Missiles
 c - 3 throwing nets (quivered)
Armour
 b - a +0 hat (worn)
Jewellery
 l - a ring of protection from magic (left hand)
 p - an uncursed ring of fire {unknown}
Scrolls
 f - a scroll of blinking
 g - a scroll of immolation {unknown}
 k - a scroll of teleportation {unknown}
 q - a scroll of identify
Potions
 e - a potion of curing {unknown}
 h - 2 potions of invisibility
 i - a potion of might
 m - a potion of ambrosia {unknown}
 n - a potion of haste {unknown}
 o - a potion of heal wounds {unknown}
Comestibles
 d - 3 rations


   Skills:
 + Level 3.3(1.3) Fighting
 + Level 5.0(2.9) Staves
 - Level 1.7(0.0) Throwing
 + Level 4.0(1.9) Dodging


You had 4 spell levels left.
You didn't know any spells.

Dungeon Overview and Level Annotations

Branches:
Dungeon (4/15)             Temple (1/1) D:4

Altars:
Ashenzari
Cheibriados
Dithmenos
Elyvilon
Fedhas
Gozag
Hepliaklqana
Kikubaaqudgha
Makhleb
Okawaru
Qazlal
Sif Muna
Trog
Uskayaw
Vehumet
Xom
Yredelemnul
Zin

Annotations:
Temple Edmund, Grinder


Innate Abilities, Weirdness & Mutations

Your plain brown scales are hard. (AC +5)
You cannot fit into any form of body armour.
You are cold-blooded and may be slowed by cold attacks.


Message History

Edmund hits you with a flail of draining!
* * * LOW HITPOINT WARNING * * *
You feel drained.
* * * LOW HITPOINT WARNING * * *
You can't go up here!
Unknown command.
Edmund hits you but does no damage.
You feel drained. Grinder gestures at you. You resist with almost no effort.
You climb downwards.
Welcome back to the Ecumenical Temple!
There is a staircase back to the Dungeon here.
You hit Edmund but do no damage.
Edmund is lightly wounded.
Edmund closely misses you.
You hit Edmund.
Edmund is lightly wounded.
Edmund hits you with a flail of draining!
* * * LOW HITPOINT WARNING * * *
You feel drained.
You die...

♣≈................
♣≈#.#.#.#.#.#.#.#.
♣≈................
♣≈#.##############
♣≈..#...8.........
♣≈#.#.............
♣≈..#..._.._.._.._
♣≈#...............
♣@@5...._.._.._.._
♣≈#...............
♣≈..#..._.._.._.._
♣≈#.#.............
♣≈..#...8.........
♣≈#.##############
♣≈................
♣≈#.#.#.#.#.#.#.#.
♣≈................


You could see Edmund and Grinder.

Vanquished Creatures
  2 orc wizards (D:3)
  Natasha (D:4)
  7 adders
  4 worms
  A dart slug (D:3)
  3 leopard geckos (D:2)
  4 orcs (D:3)
  2 ball pythons
  13 bats
  A giant cockroach (D:3)
  6 goblins
  6 hobgoblins
  7 jackals
  2 quokkas
  5 frilled lizards
  3 kobolds
  4 rats
71 creatures vanquished.

Notes
Turn   | Place    | Note
-------+----------+-------------------------------------------
     0 | D:1      | Dargar the Draconian Gladiator began the quest for the Orb.
     0 | D:1      | Reached XP level 1. HP: 17/17 MP: 1/1
   355 | D:2      | Reached XP level 2. HP: 19/25 MP: 2/2
   519 | D:2      | Reached XP level 3. HP: 30/30 MP: 3/3
  1082 | D:2      | Reached skill level 4 in Staves
  1082 | D:2      | Reached XP level 4. HP: 37/37 MP: 4/4
  1101 | D:2      | Found an opulent altar of Gozag.
  1251 | D:2      | Found a hazy altar of Hepliaklqana.
  1261 | D:2      | Found a radiant altar of Vehumet.
  2243 | D:3      | Reached XP level 5. HP: 45/45 MP: 5/5
  3070 | D:4      | Found a staircase to the Ecumenical Temple.
  3072 | D:4      | Noticed Edmund
  3085 | Temple   | Entered the Ecumenical Temple
  3151 | Temple   | Became a worshipper of Qazlal Stormbringer
  3301 | D:4      | Noticed Natasha
  3301 | D:4      | Noticed Grinder
  3303 | D:4      | Paralysed by Grinder for 7 turns
  3318 | D:4      | Killed Natasha
  3318 | D:4      | Reached skill level 5 in Staves
  3322 | Temple   | HP: 2/45 [Edmund/flail of draining (10)]
  3322 | Temple   | Slain by Edmund

Vault maps used:
D:1:      lightli_arrival_isolated_outpost, amethyst_killhole
D:2:      amethyst_overflow_temple_binary, minmay_hedge_maze,
          nicolae_gozag_seed_capital
D:4:      lemuel_doored_altar, minmay_temple_entry_large_hall, first_ration,
          hangedman_feature_mirror, minmay_strange_pillars,
          kennysheep_generic_room_9, uniq_edmund, uniq_natasha, uniq_grinder
Temple:   lightli_temple_of_artemis

Skill      XL: |  1  2  3  4  5 |
---------------+----------------+-----
Dodging        | 3 4 |  4.0
Staves         | 4 5 |  5.0
Fighting       | 3 |  3.3
Throwing       | |  1.7

Action                   |  1- 3 |  4- 6 || total
-------------------------+-------+-------++-------
Melee: Quarterstaff      |    87 |   145 ||   232
       Tailslap          |     8 |    15 ||    23
  Use: Scroll            |       |     5 ||     5
       Potion            |       |     4 ||     4
 Stab: Sleeping          |     1 |     1 ||     2
  Eat: Chunk             |     1 |     6 ||     7
Armor: Skin              |    25 |    40 ||    65
Dodge: Dodged            |    81 |   104 ||   185

Table legend:
 A = Spawn XP
 B = Non-spawn XP
 C = Spawn XP percentage of total XP
 D = Spawn monster count
 E = Non-spawn monster count
 F = Spawn count percentage of total count
 G = Total turns spent on level
                    A         B        C        D         E        F      G
               +---------+---------+-------+---------+---------+-------+---------
         Total |       0 |     326 |   0.0 |       0 |      71 |   0.0 |  3322
               +---------+---------+-------+---------+---------+-------+---------
           D:1 |       0 |       8 |   0.0 |       0 |       5 |   0.0 |   332
           D:2 |       0 |      91 |   0.0 |       0 |      27 |   0.0 |  1101
           D:3 |       0 |     186 |   0.0 |       0 |      35 |   0.0 |  1581
           D:4 |       0 |      41 |   0.0 |       0 |       4 |   0.0 |    93
               +---------+---------+-------+---------+---------+-------+---------
